 Dungeon Crawl Stone Soup version 0.30-a0-462-gd5975efbca (webtiles) character file.

Game seed: 15175862670835312248

154 Mitcholas the Chopper (level 5, -1/47 HPs)
             Began as a Hill Orc Monk on Dec 16, 2022.
             Was a Believer of Beogh.
             Slain by an adder (3 damage)
             ... on level 3 of the Dungeon.
             The game lasted 00:04:33 (1967 turns).

Mitcholas the Chopper (Hill Orc Monk)               Turns: 1967, Time: 00:04:34

Health: -1/47      AC:  4    Str: 16    XL:     5   Next: 36%
Magic:  5/5        EV: 16    Int: 10    God:    Beogh [**....]
Gold:   103        SH:  0    Dex: 19    Spells: 4/4 levels left

rFire   . . .      SeeInvis .    a - +0 hand axe
rCold   . . .      Faith    .    (no shield)
rNeg    . . .      Spirit   .    m - +0 leather armour
rPois   .          Reflect  .    (no helmet)
rElec   .          Harm     .    (no cloak)
rCorr   .          Rampage  .    i - +0 pair of gloves
Will    .....                    (no boots)
Stlth   +.........               e - amulet of the acrobat
HPRegen 0.27/turn                d - +4 ring of evasion
MPRegen 0.09/turn                j - +6 ring of dexterity

@: very slow
A: no striking features
a: Renounce Religion, Smiting


You were on level 3 of the Dungeon.
You worshipped Beogh.
Beogh was pleased with you.
You visited 1 branch of the dungeon, and saw 3 of its levels.

You collected 103 gold pieces.

Inventory:

Hand Weapons
 a - a +0 hand axe (weapon)
Armour
 b - a +0 robe
 i - a +0 pair of gloves (worn)
 l - a +0 chain mail
 m - a +0 leather armour (worn)
Jewellery
 d - a +4 ring of evasion (left hand)
 e - an amulet of the acrobat (around neck)
 j - a +6 ring of dexterity (right hand)
 n - a ring of protection from cold
 q - an amulet of regeneration
Potions
 c - a potion of ambrosia
 f - a potion of resistance {unknown}
 h - a potion of cancellation {unknown}
 k - a potion of degeneration {unknown}
 o - a potion of brilliance {unknown}
 s - a potion of berserk rage {unknown}


   Skills:
 + Level 4.7 Fighting
 * Level 6.2 Axes
 + Level 2.4 Armour
 - Level 2.4 Dodging
 - Level 1.5 Stealth


You had 4 spell levels left.
You didn't know any spells.
Your spell library was empty.

Dungeon Overview and Level Annotations

Branches:
Dungeon (3/15)

Altars:


Message History

The adder bites you.
You are poisoned.
The adder poisons you!
Your unstable footing causes you to fumble your attack.
You feel sick. The adder barely misses you.
You hit the adder.
You kill the adder!
Beogh accepts your kill.
You feel sick. The adder closely misses you.
Your unstable footing causes you to fumble your attack.
You feel sick. The adder closely misses you.
Your unstable footing causes you to fumble your attack.
You feel sick. The adder bites you.
* * * LOW HITPOINT WARNING * * *
You are more poisoned.
The adder poisons you!
Your unstable footing causes you to fumble your attack.
You feel sick. The adder misses you. The adder barely misses you.
Your unstable footing causes you to fumble your attack.
You feel sick. The adder closely misses you.
You closely miss the adder.
You feel sick. The adder bites you.
* * * LOW HITPOINT WARNING * * *
Your unstable footing causes you to fumble your attack.
You hear the brisk rusting of a drain.
You feel sick. The adder completely misses you. The adder misses you.
You hit the adder.
The adder is heavily wounded.
You feel sick. The adder bites you.
* * * LOW HITPOINT WARNING * * *
Your unstable footing causes you to fumble your attack.
You feel sick. The adder completely misses you.
You closely miss the adder.
The adder is heavily wounded.
You feel sick.
You are no longer poisoned.
The adder closely misses you.
You closely miss the adder.
The adder is heavily wounded.
The adder bites you.
You die...

.####.....###.....##..#
.###.....###.....###..#
..####+#######+#####..#
......................#
...#####..#####.##.##.###
##.# #.......#......>.#
##.# #############....#
##.# #~~~#††..# ##.# # #
#@#~#~..)# #.#
~~~~#~#S#†#~...# #.#
#~~~~~#~~~~†.#
#####~#~#~...# ~~#~~~...#
####~#....# #~~~...#
#~~....# ######<#


You could see an adder.

Vanquished Creatures
  A howler monkey (D:3)
  An orc wizard (D:2)
  3 adders
  2 river rats (D:3)
  3 worms
  A dart slug (D:3)
  2 orcs
  3 ball pythons
  2 giant cockroaches (D:1)
  2 goblins (D:1)
  2 hobgoblins (D:1)
  2 kobolds (D:1)
  3 quokkas
  4 bats
  2 frilled lizards
  6 rats
39 creatures vanquished.

Vanquished Creatures (collateral kills)
  A ball python (D:3)
1 creature vanquished.

Vanquished Creatures (others)
  An endoplasm (D:2)
1 creature vanquished.

Grand Total: 41 creatures vanquished

Notes
Turn   | Place    | Note
-------+----------+-------------------------------------------
     0 | D:1      | Mitcholas the Hill Orc Monk began the quest for the Orb.
     0 | D:1      | Reached XP level 1. HP: 19/19 MP: 1/1
   111 | D:1      | Reached XP level 2. HP: 26/27 MP: 2/2
   367 | D:1      | Found a faded altar of an unknown god.
   376 | D:1      | Reached skill level 1 in Armour
   810 | D:2      | Reached XP level 3. HP: 11/33 MP: 3/3
   951 | D:2      | Reached skill level 5 in Axes
   964 | D:2      | Became a worshipper of Beogh the Brigand
   964 | D:2      | Reached * piety under Beogh
   964 | D:2      | Reached ** piety under Beogh
  1204 | D:2      | Reached XP level 4. HP: 39/40 MP: 4/4
  1757 | D:3      | Reached XP level 5. HP: 43/47 MP: 5/5
  1762 | D:3      | Found a faded altar of an unknown god.
  1877 | D:3      | Reached skill level 6 in Axes
  1966 | D:3      | HP: 2/47 [poisoned by an adder]
  1967 | D:3      | Slain by an adder

Illustrated notes

Levels and vault maps discovered:
D:1:      minmay_arrival_split_and_join, layout_basic,
          shapermc_ecumenical_altar_venn
D:2:      layout_loops_ring
D:3:      minmay_chambers_of_threes, layout_loops_ring,
          nicolae_overflow_ecumenical_swirl, lightli_sewer_entry_pipes,
          gammafunk_ghost_grave, minmay_quadrilaterals, uniq_grinder,
          uniq_crazy_yiuf_cottage

Skill      XL: |  1  2  3  4  5 |
---------------+----------------+-----
Armour         | 1 2 |  2.4
Fighting       | 4 |  4.7
Axes           | 5 6 |  6.2
Dodging        | |  2.4
Stealth        | |  1.5

Action                   |  1- 3 |  4- 6 || total
-------------------------+-------+-------++-------
Melee: Hand axe          |    86 |   118 ||   204
Invok: Convert to Beogh  |     1 |       ||     1
  Use: Scroll            |       |     5 ||     5
       Potion            |       |     1 ||     1
 Stab: Sleeping          |     4 |     1 ||     5
Armor: Robe              |     6 |       ||     6
       Leather armour    |     4 |    20 ||    24
Dodge: Dodged            |    72 |   112 ||   184

Table legend: (Time is in decaauts)
 A = Elapsed time spent in this place.
 B = Non-inter-level travel time spent in this place.
 C = Inter-level travel time spent in this place.
 D = Time resting spent in this place.
 E = Time spent auto-exploring this place.
 F = Levels seen in this place.
 G = Mean time per level.
                   A        B        C        D        E       F      G
               +--------+--------+--------+--------+--------+-----+--------+
         Total |   1980 |   1958 |     22 |    231 |   1110 |   3 |  660.0 |
       Dungeon |   1980 |   1958 |     22 |    231 |   1110 |   3 |  660.0 |
               +--------+--------+--------+--------+--------+-----+--------+

Top non-repeatable levels by time:
     D:2: 884 daAuts
     D:1: 789 daAuts
     D:3: 307 daAuts
